[Event "Titled Tuesday Blitz April 19 Early 2022"]
[White "Melaugh, Shane"]
[Black "Koelle, Tobias"]
[WhiteFideId "2509580"]
[BlackFideId "16207378"]
[WhiteElo "1972"]
[BlackElo "2541"]
[Result "0-1"]
[Round "03"]
[TimeControl "180+1"]
[Date "2022.04.19"]
[WhiteClock "0:00:02"]
[BlackClock "0:00:44"]

1. e4 c5 2. c4 g6 3. Nc3 Bg7 4. g3 Nc6 5. Bg2 d6 6. Nge2 Nf6 7. O-O O-O 8. d3 Nd7 9. a3 Re8 10. Rb1 Nf8 11. b4 Ne6 12. f4 Ned4 13. b5 Nxe2+ 14. Nxe2 Nd4 15. Bb2 e5 16. Nxd4 cxd4 17. f5 Qg5 18. Bc1 Qe7 19. Qf3 f6 20. h4 Qf7 21. g4 Rf8 22. a4 Bd7 23. Ba3 Qe7 24. Rbc1 Bh6 25. c5 Bxc1 26. cxd6 Be3+ 27. Qxe3 dxe3 28. dxe7 Rfc8 29. fxg6 hxg6 30. Rxf6 Kg7 31. g5 Rc3 32. Bd6 Rc1+ 33. Kh2 e2 34. Bxe5 Kg8 35. Rxg6+ Kf7 36. Rf6+ Ke8 37. Bd6 Be6 38. Rf8+ Kd7 39. Rxa8 Bf7 40. e8=Q+ Bxe8 41. Bg3 Rc3 42. Bf3 Rxd3 43. Bg4+ Ke7 44. Bxe2 Rd2 45. Kh3 Rxe2 46. Rxa7 Bd7# 0-1


[Site "https://www.chess.com"]

[Event "Titled Tuesday Blitz April 19 Early 2022"]
[White "Mirzoev, Azer"]
[Black "Omariev, Maksim"]
[WhiteFideId "13400304"]
[BlackFideId "4193423"]
[WhiteElo "2525"]
[BlackElo "2477"]
[Result "0-1"]
[Round "03"]
[TimeControl "180+1"]
[Date "2022.04.19"]
[WhiteClock "0:00:07"]
[BlackClock "0:00:06"]

1. Nf3 d5 2. c4 c6 3. e3 Nf6 4. b3 e6 5. Bb2 Be7 6. d4 O-O 7. Nc3 b6 8. Bd3 Bb7 9. O-O Nbd7 10. Qe2 c5 11. Rad1 Rc8 12. h3 Qc7 13. cxd5 cxd4 14. d6 Qxd6 15. Nxd4 Qb8 16. Bb1 Rfd8 17. Nf3 a6 18. Ng5 b5 19. Nce4 h6 20. Nxf6+ Nxf6 21. Nf3 Qa8 22. Rxd8+ Rxd8 23. Rc1 Rc8 24. Rd1 Rd8 25. Bd4 Be4 26. Bxe4 Qxe4 27. Rc1 Nd5 28. Qc2 Qxc2 29. Rxc2 Nb4 30. Rc7 Bd6 31. Ra7 Rc8 32. g4 Rc6 33. a4 Nc2 34. Be5 Bc5 35. Ra8+ Kh7 36. axb5 axb5 37. Rb8 f6 38. Bb2 b4 39. Rb7 e5 40. Nh4 Bf8 41. Nf5 Rc8 42. Kg2 Ne1+ 43. Kf1 Nd3 44. Bd4 exd4 45. Nxd4 Nc1 46. h4 Nd3 47. h5 Ne5 48. f3 Nc6 49. Nf5 Ne5 50. Ke2 Rc2+ 51. Kd1 Rc3 52. Ke2 Rc2+ 53. Kd1 Rc3 54. Ke2 Rxb3 55. Nd4 Rb2+ 56. Kd1 Bc5 57. Ne6 Bxe3 58. Rxg7+ Kh8 59. Rb7 Rd2+ 60. Ke1 Nd3+ 61. Kf1 Rf2+ 62. Kg1 Rxf3+ 63. Kg2 Ne1+ 64. Kh2 Rf2+ 65. Kg3 Rg2+ 66. Kh3 Rb2 67. Rb8+ Kh7 68. Rb7+ Kg8 69. Rg7+ Kh8 70. Rb7 b3 71. Rb8+ Kh7 72. Nf8+ Kg7 73. Ne6+ Kf7 74. Nd8+ Ke7 75. Nc6+ Kd6 76. Na5 Bf4 77. Nc4+ Kc7 0-1


[Site "https://www.chess.com"]

[Event "Titled Tuesday Blitz April 19 Early 2022"]
[White "Mitrabha, Guha"]
[Black "Kobo, Ori"]
[WhiteFideId "5057000"]
[BlackFideId "2812320"]
[WhiteElo "2468"]
[BlackElo "2420"]
[Result "1/2-1/2"]
[Round "03"]
[TimeControl "180+1"]
[Date "2022.04.19"]
[WhiteClock "0:00:05"]
[BlackClock "0:00:02"]

1. d4 Nf6 2. c4 c5 3. Nf3 cxd4 4. Nxd4 e5 5. Nb5 d5 6. cxd5 Bc5 7. N5c3 O-O 8. e3 Bf5 9. Be2 Nbd7 10. a3 Nb6 11. b4 Be7 12. Bb2 Nbxd5 13. Nxd5 Nxd5 14. O-O Bf6 15. Nd2 Qe7 16. e4 Nf4 17. exf5 Rad8 18. Qe1 e4 19. Bxf6 Qxf6 20. Nxe4 Qxf5 21. Ng3 Qc2 22. Bf3 Rd4 23. Ne2 Re4 24. Bxe4 Nxe2+ 25. Kh1 Qxe4 26. Ra2 Re8 27. Qd2 Nf4 28. f3 Qc4 29. Rc1 Qe6 30. Rac2 g5 31. Rc7 h6 32. h3 Qf5 33. Re1 Rf8 34. Rc5 Qf6 35. Qc3 Qg6 36. Rc8 Rxc8 37. Qxc8+ Kg7 38. Qc3+ Kh7 39. Re8 Qb1+ 40. Kh2 Ng6 41. Re3 Qf5 42. Qd3 Qf4+ 43. g3 Qf6 44. Kg2 Qb2+ 45. Re2 Qf6 46. Qe4 Kg7 47. h4 gxh4 48. Qg4 hxg3 49. Kxg3 Qd6+ 50. f4 Qd3+ 51. Qf3 Qf5 52. Qg4 Qd3+ 53. Kf2 Qd4+ 54. Kf3 Qd3+ 55. Re3 Qd1+ 56. Kg3 Qg1+ 57. Kf3 Qd1+ 58. Re2 Qf1+ 59. Ke3 Qc1+ 60. Kf2 Qc4 61. Kg3 Qd3+ 1/2-1/2


[Site "https://www.chess.com"]

[Event "Titled Tuesday Blitz April 19 Early 2022"]
[White "Mortazavi, Ali"]
[Black "Urazayev, Arystanbek"]
[WhiteFideId "401323"]
[BlackFideId "13709810"]
[WhiteElo "2339"]
[BlackElo "2422"]
[Result "0-1"]
[Round "03"]
[TimeControl "180+1"]
[Date "2022.04.19"]
[WhiteClock "0:01:00"]
[BlackClock "0:01:36"]

1. Nf3 Nf6 2. g3 g6 3. Bg2 Bg7 4. O-O O-O 5. d3 c5 6. e4 d6 7. e5 dxe5 8. Nxe5 Nfd7 9. Nc4 Nc6 10. Nc3 Nb6 11. a4 Nxc4 12. dxc4 Bxc3 13. bxc3 Qxd1 14. Rxd1 Be6 15. Be3 Bxc4 16. Bxc5 Rfc8 17. Rd7 Ne5 18. Rxb7 Rxc5 19. Rxe7 Rd8 20. Rxa7 Be2 21. Re7 Kf8 22. Rb7 Nf3+ 23. Kh1 Rd2 24. a5 Rxa5 25. Rc1 Rxc2 26. Rcb1 Rxc3 0-1


[Site "https://www.chess.com"]

[Event "Titled Tuesday Blitz April 19 Early 2022"]
[White "Moskalenko, Alexander"]
[Black "Vlassov, Nikolai"]
[WhiteFideId "4155351"]
[BlackFideId "4103360"]
[WhiteElo "2434"]
[BlackElo "2407"]
[Result "1-0"]
[Round "03"]
[TimeControl "180+1"]
[Date "2022.04.19"]
[WhiteClock "0:00:41"]
[BlackClock "0:00:07"]

1. Nf3 g6 2. g3 Bg7 3. d4 f5 4. Bg2 Nf6 5. b3 O-O 6. Bb2 d6 7. O-O Ne4 8. Nfd2 Nxd2 9. Qxd2 c5 10. c4 Nc6 11. d5 Ne5 12. Nc3 Bd7 13. Rae1 a6 14. a4 b5 15. f4 Ng4 16. h3 Nf6 17. axb5 axb5 18. e4 fxe4 19. Nxb5 Bxb5 20. cxb5 Ra2 21. Rf2 Nh5 22. Qc1 Rxb2 23. Rxb2 Bxb2 24. Qxb2 Nxg3 25. Qf2 Nh5 26. Rxe4 g5 27. f5 Nf4 28. Qe3 Rf7 29. h4 h6 30. hxg5 hxg5 31. f6 Rxf6 32. Rxe7 Qa5 33. Re8+ Rf8 34. b6 Qxb6 35. Qe7 Rxe8 36. Qxe8+ Kg7 37. Qe7+ Kh6 38. Qf6+ Kh5 39. Bf3+ Kh4 40. Qf5 Nh3+ 41. Kh2 Nf2 42. Qh7# 1-0


[Site "https://www.chess.com"]

[Event "Titled Tuesday Blitz April 19 Early 2022"]
[White "Moskvin, Anatoly"]
[Black "Dang, Hoang Son"]
[WhiteFideId "24199990"]
[BlackFideId "12402435"]
[WhiteElo "2079"]
[BlackElo "2252"]
[Result "1-0"]
[Round "03"]
[TimeControl "180+1"]
[Date "2022.04.19"]
[WhiteClock "0:00:12"]
[BlackClock "0:00:01"]

1. e4 e5 2. Nf3 Nc6 3. Bc4 Nf6 4. d3 Bc5 5. c3 d6 6. Nbd2 O-O 7. Bb3 a5 8. a4 h6 9. h3 Bb6 10. Nf1 Ne7 11. Ng3 Ng6 12. Nh2 Be6 13. Bc2 d5 14. Qe2 Nf4 15. Qf3 dxe4 16. dxe4 g5 17. Ng4 Nxg4 18. hxg4 Kg7 19. Nf5+ Bxf5 20. gxf5 h5 21. Bxf4 exf4 22. Rd1 Qf6 23. Rxh5 Rh8 24. Rxh8 Rxh8 25. Rd7 Rh1+ 26. Ke2 Qc6 27. Qd3 f3+ 28. Kxf3 Rh4 29. g3 Rh2 30. Bb3 Rxf2+ 31. Kg4 Kh6 32. Rxf7 Rd2 33. Qb1 Rh2 34. e5 1-0


[Site "https://www.chess.com"]

[Event "Titled Tuesday Blitz April 19 Early 2022"]
[White "Ning, Kaiyu"]
[Black "Babazada, Khazar"]
[WhiteFideId "8614750"]
[BlackFideId "13413554"]
[WhiteElo "2013"]
[BlackElo "2406"]
[Result "0-1"]
[Round "03"]
[TimeControl "180+1"]
[Date "2022.04.19"]
[WhiteClock "0:00:13"]
[BlackClock "0:01:04"]

1. d4 c6 2. c4 d5 3. e3 Nf6 4. Nc3 e6 5. Nf3 Be7 6. Qc2 Nbd7 7. Be2 O-O 8. O-O b6 9. e4 dxe4 10. Nxe4 Bb7 11. Rd1 Qc7 12. Nxf6+ Nxf6 13. c5 Rad8 14. Bg5 h6 15. Bh4 bxc5 16. dxc5 Qa5 17. b4 Qa3 18. Rab1 Ba6 19. Ne5 Bxe2 20. Qxe2 Qa4 21. Bxf6 Bxf6 22. Nd7 Rfe8 23. Rd3 Bg5 24. Qe4 Qc2 25. Rbd1 Rxd7 26. h4 Rxd3 27. Rxd3 Qc1+ 28. Kh2 Qf4+ 29. Qxf4 Bxf4+ 30. g3 Bc7 31. Rd7 Rc8 32. a4 a6 33. Kg2 Kf8 34. Kf3 Ke8 35. Rd3 Rb8 36. Rd4 Ke7 37. Ke4 a5 38. bxa5 Bxa5 39. Rd6 Rc8 40. Rd4 Rd8 41. Rc4 Rd5 42. f4 Kd7 43. g4 h5 44. g5 g6 45. Rc1 Kc7 46. Rc2 Kb7 47. Rb2+ Ka7 48. Rc2 Bd8 49. Rb2 Be7 0-1


[Site "https://www.chess.com"]

[Event "Titled Tuesday Blitz April 19 Early 2022"]
[White "Nogerbek, Kazybek"]
[Black "Papp, Levente"]
[WhiteFideId "13710427"]
[BlackFideId "751243"]
[WhiteElo "2466"]
[BlackElo "2308"]
[Result "1-0"]
[Round "03"]
[TimeControl "180+1"]
[Date "2022.04.19"]
[WhiteClock "0:00:20"]
[BlackClock "0:00:05"]

1. e4 e6 2. Nf3 d5 3. Nc3 d4 4. Ne2 c5 5. Ng3 Nc6 6. Bc4 h5 7. h4 Bd6 8. d3 Qc7 9. Ne2 Nge7 10. a4 Ng6 11. Ng5 Nce5 12. Ba2 Ng4 13. Bd2 Bd7 14. a5 b6 15. axb6 Qxb6 16. Bb3 Qc7 17. Rh3 Ke7 18. Ng3 Nf4 19. Bxf4 Bxf4 20. Nxh5 Nxf2 21. Kxf2 Be3+ 22. Rxe3 dxe3+ 23. Kxe3 Qh2 24. Qf3 f6 25. Nh3 Qe5 26. N5f4 Qxb2 27. Re1 Qd4+ 28. Ke2 Kd6 29. h5 e5 30. Nd5 a5 31. c3 a4 32. cxd4 axb3 33. dxc5+ Kxc5 34. Qe3+ 1-0


[Site "https://www.chess.com"]

[Event "Titled Tuesday Blitz April 19 Early 2022"]
[White "Nugumanov, Bakhtiyar"]
[Black "Avazkhonov, Alikhon"]
[WhiteFideId "13701797"]
[BlackFideId "14208504"]
[WhiteElo "2262"]
[BlackElo "1739"]
[Result "0-1"]
[Round "03"]
[TimeControl "180+1"]
[Date "2022.04.19"]
[WhiteClock "0:00:20"]
[BlackClock "0:01:12"]

1. Nf3 d5 2. g3 c6 3. Bg2 Bg4 4. c4 Bxf3 5. Bxf3 dxc4 6. O-O Nf6 7. Qc2 Nbd7 8. Na3 Ne5 9. Bg2 b5 10. f4 Qb6+ 11. e3 Nd3 12. b3 Nb4 13. Qd1 cxb3 14. Qxb3 e6 15. Bb2 Be7 16. Rac1 O-O 0-1


[Site "https://www.chess.com"]

[Event "Titled Tuesday Blitz April 19 Early 2022"]
[White "Ocelak, Jakub"]
[Black "De Arruda, Leandro Formes"]
[WhiteFideId "23707933"]
[BlackFideId "22722009"]
[WhiteElo "2048"]
[BlackElo "1852"]
[Result "1-0"]
[Round "03"]
[TimeControl "180+1"]
[Date "2022.04.19"]
[WhiteClock "0:00:09"]
[BlackClock "0:00:07"]

1. d4 d5 2. Nf3 Nf6 3. Bf4 e6 4. Nbd2 Bd6 5. Bg3 O-O 6. e3 Ne4 7. Bxd6 cxd6 8. Bd3 f5 9. O-O a6 10. c4 Nxd2 11. Qxd2 dxc4 12. Bxc4 Nc6 13. Rac1 d5 14. Bd3 Qf6 15. Rc5 Bd7 16. Rfc1 Be8 17. Qc3 Bh5 18. Ne5 Nxe5 19. dxe5 Qh4 20. Rc7 f4 21. Qd4 Qg5 22. exf4 Rxf4 23. Qe3 d4 24. Rc8+ Rxc8 25. Rxc8+ Kf7 26. Qc1 Rf5 27. Bxf5 Qxc1+ 28. Rxc1 exf5 29. Kf1 Ke6 30. Ke1 Kxe5 31. Kd2 Kd6 32. Kd3 Bf7 33. b3 Bd5 34. f3 g5 35. Kxd4 g4 36. fxg4 fxg4 37. g3 h6 38. Rc5 Bf3 39. Rh5 Kc6 40. Rxh6+ Kb5 41. a3 Bd1 42. Rh5+ Kb6 43. Kc3 Bf3 44. h4 gxh3 45. Rxh3 Kc5 46. Rh4 Kd6 47. Rf4 Bd1 48. Kb4 Ke5 49. Rf7 b6 50. a4 Be2 51. a5 bxa5+ 52. Kxa5 Bb5 53. b4 Ke4 54. Ra7 Ke5 55. Rxa6 Bxa6 56. Kxa6 1-0


[Site "https://www.chess.com"]

[Event "Titled Tuesday Blitz April 19 Early 2022"]
[White "Oganian, Miran"]
[Black "Skliarov, Viktor"]
[WhiteFideId "4122488"]
[BlackFideId "14106736"]
[WhiteElo "2357"]
[BlackElo "2229"]
[Result "1-0"]
[Round "03"]
[TimeControl "180+1"]
[Date "2022.04.19"]
[WhiteClock "0:02:30"]
[BlackClock "0:00:32"]

1. e4 c5 2. Nf3 Nc6 3. c3 Nf6 4. e5 Nd5 5. d4 cxd4 6. cxd4 d6 7. Bc4 e6 8. O-O dxe5 9. dxe5 Be7 10. Bd2 O-O 11. Nc3 Nxc3 12. Bxc3 Qc7 13. Qe2 Rd8 14. Bd3 Bd7 15. Qe4 g6 16. h4 Bf8 17. h5 Ne7 18. hxg6 hxg6 19. Qh4 Bc6 20. Ng5 Bg7 21. Bc4 b5 22. Bxe6 fxe6 23. Qh7+ Kf8 24. Nxe6+ 1-0


[Site "https://www.chess.com"]

[Event "Titled Tuesday Blitz April 19 Early 2022"]
[White "Pajeken, Jakob Leon"]
[Black "Silva Lucena, Cristian"]
[WhiteFideId "12942839"]
[BlackFideId "2232588"]
[WhiteElo "2351"]
[BlackElo "2223"]
[Result "0-1"]
[Round "03"]
[TimeControl "180+1"]
[Date "2022.04.19"]
[WhiteClock "0:01:32"]
[BlackClock "0:00:50"]

1. d4 d5 2. c4 e6 3. Nc3 c6 4. g4 dxc4 5. e4 b5 6. g5 a6 7. Nf3 Bb7 8. Bh3 Bb4 9. O-O Ne7 10. a3 Ba5 11. Ne5 Nd7 12. Nxf7 Kxf7 13. Qf3+ Ke8 14. Bxe6 Rf8 15. Qh3 Bxc3 16. bxc3 Nb6 17. Qxh7 Bc8 18. Bxc8 Qxc8 19. f4 Qg4+ 20. Kf2 Na4 21. Rg1 Qe6 22. Bd2 Nb2 23. Raf1 Nd3+ 24. Kg2 g6 25. h4 Qxe4+ 0-1


[Site "https://www.chess.com"]

[Event "Titled Tuesday Blitz April 19 Early 2022"]
[White "Papp, Petra"]
[Black "Gabdrakhmanov, Azat"]
[WhiteFideId "739049"]
[BlackFideId "34189197"]
[WhiteElo "2259"]
[BlackElo "2279"]
[Result "0-1"]
[Round "03"]
[TimeControl "180+1"]
[Date "2022.04.19"]
[WhiteClock "0:00:04"]
[BlackClock "0:00:07"]

1. e4 c5 2. Nf3 e6 3. d4 cxd4 4. Nxd4 a6 5. c4 Qc7 6. Nc3 Nf6 7. a3 Be7 8. Be2 d6 9. O-O Nbd7 10. Be3 b6 11. Qd2 Bb7 12. f3 O-O 13. Rfc1 Rac8 14. b4 Qb8 15. Kh1 Bd8 16. Rc2 Bc7 17. Bg1 Rfe8 18. Rb1 Ne5 19. Na4 Nfd7 20. Bf1 Ng6 21. c5 dxc5 22. bxc5 bxc5 23. Nxc5 Nxc5 24. Rxc5 Bf4 25. Qc2 Rxc5 26. Qxc5 Qa8 27. Qb6 Rb8 28. Qa5 h5 29. Qxh5 Bc8 30. Rxb8 Qxb8 31. Qc5 Bd7 32. Bxa6 Qb1 33. Ne2 Be5 34. Bc8 Bxc8 35. Qxc8+ Kh7 36. Qc5 Qe1 37. Qf2 Qa1 38. f4 Bf6 39. e5 Bh4 40. Qe3 Be7 41. Qh3+ Kg8 42. Qc3 Qd1 43. Qf3 Qa1 44. g3 Bc5 45. Kg2 Bxg1 46. Nxg1 Ne7 47. Ne2 Nf5 48. Kh3 g6 49. g4 Ne7 50. Kg2 Nd5 51. h4 Qd1 52. h5 Kg7 53. hxg6 Kxg6 54. f5+ Kg7 55. fxe6 fxe6 56. Ng3 Qd2+ 57. Qf2 Qd3 58. Nh5+ Kg8 59. Nf6+ Kg7 60. Nxd5 Qxd5+ 61. Qf3 Qxe5 62. Qd3 Qb2+ 63. Kg3 Kf6 64. Qf3+ Ke5 65. Qf4+ Kd5 66. Qf3+ Kd6 67. Qe3 e5 68. Qf3 Qb1 69. Qf6+ Kd5 70. Qd8+ Ke4 71. Qa8+ Ke3 72. Qf3+ Kd4 73. a4 Qg1+ 74. Qg2 Qe3+ 75. Kh4 Qh6+ 76. Kg3 e4 77. Qf3 exf3 0-1


[Site "https://www.chess.com"]

[Event "Titled Tuesday Blitz April 19 Early 2022"]
[White "Paravyan, David"]
[Black "Samant Aditya S"]
[WhiteFideId "4194985"]
[BlackFideId "35080580"]
[WhiteElo "2569"]
[BlackElo "1916"]
[Result "1/2-1/2"]
[Round "03"]
[TimeControl "180+1"]
[Date "2022.04.19"]
[WhiteClock "0:00:29"]
[BlackClock "0:00:05"]

1. e4 c5 2. Nf3 d6 3. d4 cxd4 4. Nxd4 Nf6 5. Nc3 Nc6 6. Bg5 e6 7. Qd3 Bd7 8. Ndb5 Nb4 9. Qd1 a6 10. Bxf6 gxf6 11. a3 axb5 12. axb4 Rxa1 13. Qxa1 d5 14. exd5 Bxb4 15. dxe6 fxe6 16. Be2 Qa5 17. O-O Bxc3 18. bxc3 Qxa1 19. Rxa1 Ke7 20. Rb1 Ra8 21. h3 Ra5 22. Rb4 Ra4 23. Rb3 Ra5 24. Bd3 h5 25. Kh2 Kd6 26. Kg3 Kc5 27. Kh4 Be8 28. g4 Ra4 29. Kg3 hxg4 30. hxg4 e5 31. f3 Bc6 32. Kf2 Rf4 33. Be2 f5 34. gxf5 Rxf5 35. Ke3 Rf4 36. Rb1 Rh4 37. Rg1 e4 38. Rg5+ Kb6 39. fxe4 Rxe4+ 40. Kd2 Re7 41. Bd3 Rd7 42. Kc1 Rd6 43. Kb2 Rd7 44. Ka3 Rd6 45. Kb4 Rd7 46. Bxb5 Bxb5 47. Rxb5+ Kc7 48. Rh5 Rg7 49. c4 Kd7 50. Kb5 Kc7 51. c5 Rf7 52. Rg5 Rh7 53. Rg6 Rf7 54. Re6 Rg7 55. Rf6 Rh7 56. c4 Rg7 57. c6 bxc6+ 58. Rxc6+ Kb7 59. c5 Rg1 60. Rb6+ Kc7 61. Rh6 Rb1+ 62. Kc4 Rc1+ 63. Kd5 Rd1+ 64. Ke5 Re1+ 65. Kd4 Rd1+ 66. Kc3 Rc1+ 67. Kb4 Rb1+ 68. Kc4 Rc1+ 69. Kd4 Rd1+ 70. Ke3 Rc1 71. Rh5 Kc6 72. Rh8 Rxc5 73. Rc8+ Kb5 74. Rxc5+ Kxc5 1/2-1/2


[Site "https://www.chess.com"]

[Event "Titled Tuesday Blitz April 19 Early 2022"]
[White "Pein, Jonathan"]
[Black "Baker, Chris W"]
[WhiteFideId "417092"]
[BlackFideId "401676"]
[WhiteElo "2140"]
[BlackElo "2186"]
[Result "0-1"]
[Round "03"]
[TimeControl "180+1"]
[Date "2022.04.19"]
[WhiteClock "0:00:06"]
[BlackClock "0:00:46"]

1. e4 e5 2. Nf3 Nc6 3. Nc3 Nf6 4. d4 Bb4 5. d5 Ne7 6. Bd3 d6 7. O-O O-O 8. h3 Ng6 9. Ne2 c6 10. a4 cxd5 11. exd5 e4 12. Bxe4 Nxe4 13. Qd4 Bc5 14. Qxe4 Re8 15. Qd3 Qf6 16. Ng3 Ne5 17. Nxe5 Qxe5 18. c3 Bd7 19. b4 Bxb4 20. cxb4 Qxa1 21. Nh5 Qe5 22. Qf3 Bf5 23. Bf4 Qe4 24. Qg3 Bg6 25. Bh6 Qe5 26. Nxg7 Qxg3 27. fxg3 Re5 28. g4 Rc8 29. Nf5 Bxf5 30. gxf5 Rc2 31. Rf3 f6 32. Rg3+ Kf7 33. Rg7+ Ke8 34. Rxb7 Rxd5 35. Rb8+ Kd7 36. Rb7+ Kc6 37. Rxa7 Rxf5 38. b5+ Kb6 39. Ra6+ Kb7 40. Rxd6 Rff2 41. Be3 Rxg2+ 42. Kf1 Rh2 43. Rd7+ Kc8 44. Rxh7 Rh1+ 45. Bg1 Rc1+ 46. Ke2 Rcxg1 47. a5 Ra1 48. a6 Rh2+ 49. Kf3 Rb2 50. Rb7 Ra5 51. Rf7 Rbxb5 52. Rxf6 Rf5+ 53. Rxf5 Rxf5+ 54. Kg4 Re5 55. h4 Kd7 56. h5 Ke7 57. a7 Ra5 58. a8=Q Rxa8 59. Kg5 Kf7 60. Kh6 Ra6+ 61. Kh7 Ra5 62. h6 Rh5 0-1


[Site "https://www.chess.com"]

[Event "Titled Tuesday Blitz April 19 Early 2022"]
[White "Petrovskyi, Vadym"]
[Black "Plotnikov, Pavel"]
[WhiteFideId "14165210"]
[BlackFideId "4170342"]
[WhiteElo "2400"]
[BlackElo "2298"]
[Result "1-0"]
[Round "03"]
[TimeControl "180+1"]
[Date "2022.04.19"]
[WhiteClock "0:01:06"]
[BlackClock "0:00:09"]

1. e4 e5 2. Nf3 Nc6 3. d4 exd4 4. Bc4 Nf6 5. e5 d5 6. Bb5 Ne4 7. Nxd4 Bc5 8. Be3 O-O 9. Nxc6 bxc6 10. Bxc5 Nxc5 11. Bxc6 Rb8 12. Qxd5 Qe7 13. O-O Rxb2 14. Nc3 Rxc2 15. Qd4 Ba6 16. Rfd1 Ne6 17. Qe3 Qc5 18. Qxc5 Nxc5 19. Nd5 Ne6 20. Bd7 Rb8 21. Rac1 Rxa2 22. Bxe6 fxe6 23. Nxc7 h6 24. h4 Rbb2 25. Rd8+ Kh7 26. Rf8 Bd3 27. Nxe6 a5 28. Rc7 Kg6 29. Rxg7+ Kh5 30. Nf4+ Kxh4 31. g3# 1-0


[Site "https://www.chess.com"]

[Event "Titled Tuesday Blitz April 19 Early 2022"]
[White "Pham, Tran Gia Phuc"]
[Black "Goryachkina, Aleksandra"]
[WhiteFideId "12415669"]
[BlackFideId "4147103"]
[WhiteElo "1789"]
[BlackElo "2426"]
[Result "1-0"]
[Round "03"]
[TimeControl "180+1"]
[Date "2022.04.19"]
[WhiteClock "0:00:55"]
[BlackClock "0:00:01"]

1. d4 d5 2. Bf4 Nf6 3. e3 Bf5 4. c3 c6 5. Nd2 e6 6. Ngf3 Bd6 7. Bg3 h6 8. Qb3 b6 9. Be2 O-O 10. a4 c5 11. O-O Bxg3 12. hxg3 Nbd7 13. a5 Qc7 14. Ra2 Rfb8 15. Rfa1 b5 16. a6 Rb6 17. Ra5 Rab8 18. Qa2 c4 19. b4 Ne4 20. Nxe4 Bxe4 21. Nd2 Nf6 22. Bd1 Bd3 23. Bc2 Bf5 24. Qb1 Bxc2 25. Qxc2 e5 26. dxe5 Qxe5 27. Nf3 Qe8 28. Nd4 Ne4 29. g4 Rf6 30. f3 Nd6 31. Re1 1-0


[Site "https://www.chess.com"]

[Event "Titled Tuesday Blitz April 19 Early 2022"]
[White "Pinheiro, Iung Alicio de O."]
[Black "Okike, David"]
[WhiteFideId "2104350"]
[BlackFideId "8500134"]
[WhiteElo "2559"]
[BlackElo "2232"]
[Result "1-0"]
[Round "03"]
[TimeControl "180+1"]
[Date "2022.04.19"]
[WhiteClock "0:01:41"]
[BlackClock "0:01:43"]

1. c4 e5 2. g3 Nf6 3. Bg2 d5 4. cxd5 Nxd5 5. Nf3 Nc6 6. O-O Nb6 7. d3 Be7 8. Nbd2 O-O 9. a3 Bg4 10. b4 a6 11. Bb2 f6 12. Rc1 Re8 13. Ne4 Rb8 14. Nc5 Bxc5 15. Rxc5 Qd7 16. Re1 Nd8 17. Qb3+ Be6 18. Qc2 c6 19. d4 exd4 20. Nxd4 Bf7 21. Rd1 Qe7 22. e4 Ne6 23. Nf5 Qf8 24. Rc3 g6 25. Ne3 Red8 26. Rcd3 Qe7 27. Ng4 Nd7 28. Rxd7 1-0


[Site "https://www.chess.com"]

[Event "Titled Tuesday Blitz April 19 Early 2022"]
[White "Pires, Marcos Vinicius Torsani"]
[Black "Biletskiy, Danylo"]
[WhiteFideId "2118939"]
[BlackFideId "14155419"]
[WhiteElo "2273"]
[BlackElo "2087"]
[Result "1/2-1/2"]
[Round "03"]
[TimeControl "180+1"]
[Date "2022.04.19"]
[WhiteClock "0:00:38"]
[BlackClock "0:01:08"]

1. e4 c5 2. c3 Nf6 3. e5 Nd5 4. d4 cxd4 5. Nf3 Nc6 6. cxd4 d6 7. Bc4 Nb6 8. Bb5 dxe5 9. Nxe5 Bd7 10. Nxd7 Qxd7 11. Nc3 e6 12. O-O Be7 13. Be3 O-O 14. Qf3 Rfd8 15. Rfd1 Rac8 16. Rac1 a6 17. Bxc6 Rxc6 18. Ne4 Rxc1 19. Rxc1 Nd5 20. Nc5 Qb5 21. b3 Rc8 22. Qd1 h6 23. h3 Nxe3 24. fxe3 Bxc5 25. Qc2 b6 26. Qc4 Qxc4 27. Rxc4 Rc7 28. dxc5 Rxc5 29. Rb4 b5 30. a4 Kf8 31. Kf2 Ke7 32. Ke2 Kd6 33. Rd4+ Kc6 34. axb5+ Kxb5 35. Rd7 Kb4 36. Rxf7 Kxb3 37. Rxg7 a5 38. Ra7 a4 39. Kd2 a3 40. Rb7+ Ka4 41. Ra7+ Ra5 42. Rxa5+ Kxa5 43. Kc2 Kb5 44. g4 Kc5 45. h4 Kd5 46. g5 hxg5 47. hxg5 Ke5 48. Kb3 Kf5 49. Kxa3 Kxg5 50. Kb3 Kf5 51. Kc3 Ke4 52. Kd2 Kf3 53. Kd3 e5 54. e4 Kf4 55. Kd2 Kg3 56. Ke1 Kf3 57. Kd1 Kf2 58. Kd2 Kg2 59. Ke2 Kg3 60. Ke3 Kg4 61. Kd3 Kf4 62. Kd2 Kf3 63. Ke1 Ke3 64. Kd1 Kd3 65. Ke1 Kc3 66. Kd1 Kc4 67. Ke1 Kd4 68. Kd1 Kd3 69. Ke1 Kxe4 70. Ke2 Kd4 71. Kd2 e4 72. Ke2 e3 73. Ke1 Kd3 74. Kd1 e2+ 75. Ke1 Ke3 1/2-1/2


[Site "https://www.chess.com"]

[Event "Titled Tuesday Blitz April 19 Early 2022"]
[White "Pourkashiyan, Atousa"]
[Black "Janaszak, Dawid"]
[WhiteFideId "12502014"]
[BlackFideId "1119206"]
[WhiteElo "2247"]
[BlackElo "2199"]
[Result "0-1"]
[Round "03"]
[TimeControl "180+1"]
[Date "2022.04.19"]
[WhiteClock "0:00:22"]
[BlackClock "0:00:19"]

1. e4 c5 2. Nf3 Nc6 3. d4 cxd4 4. Nxd4 g6 5. Nc3 Bg7 6. Be3 Nf6 7. Be2 O-O 8. O-O d5 9. exd5 Nxd5 10. Nxc6 bxc6 11. Bd4 e5 12. Bc5 Re8 13. Bc4 Be6 14. Re1 Qa5 15. Bxd5 cxd5 16. b4 Qd8 17. Nb5 a5 18. a3 Qd7 19. Nd6 Reb8 20. c4 Qc6 21. cxd5 Bxd5 22. Qg4 f5 23. Qg3 Rd8 24. Rad1 f4 25. Qg4 axb4 26. axb4 Rxd6 27. Bxd6 Qxd6 28. Rd2 Qe6 29. Qd1 Bc6 30. Rd8+ Rxd8 31. Qxd8+ Bf8 32. Rd1 Qg4 33. f3 Bxf3 34. Rd2 Bc6 35. Qc7 Qe6 36. Rc2 Be4 37. Qc4 Bd5 38. Qc7 Bd6 39. Qc8+ Qxc8 40. Rxc8+ Kf7 41. Rd8 Ke7 42. Rh8 Bxb4 43. Rxh7+ Kf6 44. Rh8 Bc5+ 45. Kf1 e4 46. Rc8 Bd4 47. Rd8 Ke5 48. Re8+ Be6 49. Rd8 e3 50. Ke1 Bc3+ 51. Ke2 Bc4+ 52. Kf3 e2 53. Re8+ Kf5 54. Rxe2 Bxe2+ 55. Kxe2 Ke4 56. Kf2 Bd4+ 57. Ke2 Bg1 58. h3 Bd4 59. Kf1 Ke3 60. Kg1 Ke2+ 61. Kh2 Kf2 62. h4 Be5 63. Kh3 Bd6 64. Kh2 f3+ 65. g3 Bxg3+ 66. Kh1 Bxh4 67. Kh2 Ke3 0-1


[Site "https://www.chess.com"]

[Event "Titled Tuesday Blitz April 19 Early 2022"]
[White "Pranav, V"]
[Black "Csonka, Balazs"]
[WhiteFideId "25060783"]
[BlackFideId "742910"]
[WhiteElo "2349"]
[BlackElo "2404"]
[Result "1-0"]
[Round "03"]
[TimeControl "180+1"]
[Date "2022.04.19"]
[WhiteClock "0:00:08"]
[BlackClock "0:00:02"]

1. e4 c5 2. Nf3 e6 3. b3 b6 4. Bb2 Bb7 5. Nc3 Nc6 6. g3 Nf6 7. Bg2 Be7 8. O-O O-O 9. e5 Ng4 10. Re1 Rc8 11. h3 Nh6 12. Ne4 Nf5 13. h4 Qc7 14. h5 Rcd8 15. g4 Nfd4 16. Nxd4 cxd4 17. f4 d6 18. h6 dxe5 19. hxg7 Kxg7 20. f5 exf5 21. gxf5 f6 22. Qh5 Rg8 23. Kf2 Nb4 24. Rh1 Qxc2 25. Qh6+ Kf7 26. Qxh7+ Kf8 27. Qh6+ Ke8 28. Qh5+ Kd7 29. Nxf6+ Bxf6 30. Qf7+ Kd6 31. Qxf6+ Kc5 32. Qe7+ Kb5 33. Bf1+ Nd3+ 34. Bxd3+ Qxd3 35. Qxe5+ Ka6 36. Rh2 Qxd2+ 37. Qe2+ Qxe2+ 38. Kxe2 d3+ 39. Kd2 Rg2+ 40. Rxg2 Bxg2 41. f6 Bd5 42. Re1 Bf7 43. Re7 Bh5 44. Rh7 Bg6 45. Rg7 Bh5 46. Ba3 Re8 47. f7 Re2+ 48. Kxd3 Rf2 49. f8=Q Rxf8 50. Bxf8 1-0


[Site "https://www.chess.com"]

[Event "Titled Tuesday Blitz April 19 Early 2022"]
[White "Prohorov, Olexandr"]
[Black "Murthy, Pappu"]
[WhiteFideId "14105578"]
[BlackFideId "2013401"]
[WhiteElo "1993"]
[BlackElo "1923"]
[Result "1-0"]
[Round "03"]
[TimeControl "180+1"]
[Date "2022.04.19"]
[WhiteClock "0:00:44"]
[BlackClock "0:00:09"]

1. Nf3 c5 2. e4 d6 3. c3 e5 4. d4 cxd4 5. cxd4 exd4 6. Nxd4 Nf6 7. Nc3 Be7 8. Bc4 O-O 9. O-O Nc6 10. f3 Qb6 11. Ne2 Qb4 12. b3 Ne5 13. a3 Qb6 14. Be3 Nxc4 15. bxc4 Qa5 16. Qd3 a6 17. Rab1 Rb8 18. Nc3 Bd7 19. Nd5 Nxd5 20. cxd5 Bf6 21. Rfc1 h6 22. g4 Bb5 23. Nxb5 axb5 24. Rxb5 Qa4 25. Qb3 Qa6 26. Kg2 Rfc8 27. Rxc8+ Rxc8 28. Bd2 g5 29. a4 Kg7 30. Kf2 Bd4+ 31. Be3 Qa7 32. Bxd4+ Qxd4+ 33. Kg3 Qg1+ 34. Kh3 Qf1+ 35. Kg3 Qe1+ 36. Kh3 1-0


[Site "https://www.chess.com"]